 Dungeon Crawl Stone Soup version 0.29-a0-352-g0917bc69df (webtiles) character file.

Game seed: 11115894205079057238

338 siradein the Skirmisher (level 6, 0/56 HPs)
             Began as a Hill Orc Fighter on Apr 25, 2022.
             Slain by a gnoll shaman
             ... wielding a +0 club
              (1 damage)
             ... on level 4 of the Dungeon.
             The game lasted 00:08:11 (3876 turns).

siradein the Skirmisher (Hill Orc Fighter)          Turns: 3876, Time: 00:08:11

Health: 0/56       AC:  9    Str: 21    XL:     6   Next: 55%
Magic:  6/6        EV:  7    Int:  8    God:
Gold:   152        SH:  4    Dex: 10    Spells: 5/5 levels left

rFire   . . .      SeeInvis .   a - +0 war axe
rCold   . . .      Faith    .   c - +0 buckler
rNeg    . . .      Spirit   .   j - +0 chain mail
rPois   .          Reflect  .   (no helmet)
rElec   .          Harm     .   (no cloak)
rCorr   .          Rampage  .   (no gloves)
Will    +....                   (no boots)
Stlth   ..........              (no amulet)
HPRegen 0.18/turn               s - ring of willpower
MPRegen 0.10/turn               (no ring)

@: no status effects
A: no striking features
a: no special abilities


You were on level 4 of the Dungeon.
You visited 1 branch of the dungeon, and saw 4 of its levels.

You collected 152 gold pieces.

Inventory:

Hand Weapons
 a - a +0 war axe (weapon)
Missiles
 p - 4 poisoned darts (quivered)
Armour
 c - a +0 buckler (worn)
 j - a +0 chain mail (worn)
Jewellery
 e - an amulet of faith
 s - a ring of willpower (left hand)
Scrolls
 b - 2 scrolls of magic mapping {unknown}
 f - 2 scrolls of blinking {unknown}
 g - 2 scrolls of identify {unknown}
 h - a scroll of teleportation {unknown}
 m - a scroll of torment {unknown}
 q - a scroll of noise {unknown}
 t - a scroll of enchant armour {unknown}
Potions
 d - a potion of might
 i - 4 potions of cancellation {unknown}
 k - 2 potions of attraction {unknown}
 l - a potion of heal wounds {unknown}
 n - a potion of lignification {unknown}
 o - a potion of invisibility {unknown}
 r - a potion of haste {unknown}
 u - 2 potions of resistance {unknown}


   Skills:
 + Level 5.3 Fighting
 + Level 5.0 Axes
 + Level 4.8 Armour
 + Level 4.8 Shields


You had 5 spell levels left.
You didn't know any spells.
Your spell library contained the following spells:

 Spells                   Type           Power      Damage    Failure   Level
 Conjure Flame            Conj/Fire      0%         6-21      100%        3
 Ignite Poison            Fire/Tmut/Pois 0%         N/A       100%        3
 Sticky Flame             Conj/Fire      0%         2d3       100%        4


Dungeon Overview and Level Annotations

Branches:
Dungeon (4/15)
 Temple: D:4-7

Altars:
Xom

Shops:
D:1 =   D:3 =


Message History

You are too injured to fight recklessly!
You are too injured to fight recklessly!
You are too injured to fight recklessly!
You are too injured to fight recklessly!
You are too injured to fight recklessly!
You are too injured to fight recklessly!
You hit the endoplasm.
The endoplasm is heavily wounded.
You feel sick.
You are no longer poisoned.
The endoplasm freezes you.
You are frozen.
The gnoll hits you from afar with a +0 halberd.
Items here: )) ÷÷.
You slash the endoplasm!
You kill the endoplasm!
You block the gnoll shaman's attack. The gnoll barely misses you.
Items here: )) ÷÷.
You hit the gnoll shaman.
The gnoll shaman is lightly wounded.
The gnoll shaman barely misses you. The gnoll barely misses you.
You slash the gnoll shaman!
The gnoll shaman is severely wounded.
The gnoll shaman hits you with a +0 club.
* * * LOW HITPOINT WARNING * * *
The gnoll hits you from afar with a +0 halberd.
* * * LOW HITPOINT WARNING * * *
You hit the gnoll shaman but do no damage.
The gnoll shaman is severely wounded.
The gnoll shaman hits you with a +0 club!
* * * LOW HITPOINT WARNING * * *
The gnoll barely misses you.
The gnoll shaman hits you with a +0 club.
* * * LOW HITPOINT WARNING * * *
The gnoll closely misses you. The gnoll barely misses you.
You closely miss the gnoll shaman.
The gnoll shaman is severely wounded.
You slash the gnoll!
The gnoll shaman hits you with a +0 club.
You die...

................
..>..........
.###...........
...........#
#....# #..g.####
#.#g##..
#.#g##.#
####.#@##.##
.....#g)...#
##........#
#..........#
#.#........# #
#........#
#.#......##
#.#.......#
#.#.....#.#


You could see a gnoll shaman and 3 gnolls.

Vanquished Creatures
  A scorpion (D:4)
  An orc priest (D:3)
  A hound (D:3)
  A gnoll shaman (D:3)
  An orc wizard (D:3)
  8 gnolls
  An adder (D:2)
  A worm (D:2)
  8 orcs (D:3)
  3 bats
  5 endoplasms
  6 giant cockroaches
  2 goblins
  6 hobgoblins
  5 jackals (D:1)
  6 kobolds
  3 quokkas
  3 ball pythons
  6 frilled lizards
  7 rats
75 creatures vanquished.

Notes
Turn   | Place    | Note
-------+----------+-------------------------------------------
     0 | D:1      | siradein the Hill Orc Fighter began the quest for the Orb.
     0 | D:1      | Reached XP level 1. HP: 19/19 MP: 1/1
   357 | D:1      | Reached XP level 2. HP: 25/27 MP: 2/2
   464 | D:1      | Found Nearum's One-of-a-Kind Rings.
   614 | D:1      | Found a faded altar of an unknown god.
   727 | D:1      | Reached XP level 3. HP: 33/33 MP: 3/3
  2114 | D:3      | Found a shimmering altar of Xom.
  2139 | D:3      | Reached XP level 4. HP: 35/41 MP: 4/4
  2331 | D:3      | Reached XP level 5. HP: 32/47 MP: 5/5
  2517 | D:3      | Found Welee's Jewellery Emporium.
  3261 | D:3      | Reached skill level 5 in Fighting
  3265 | D:3      | Reached XP level 6. HP: 43/56 MP: 6/6
  3864 | D:4      | Reached skill level 5 in Axes
  3875 | D:4      | HP: 1/56 [gnoll shaman/+0 club (4)]
  3876 | D:4      | Slain by a gnoll shaman

Illustrated notes

Levels and vault maps discovered:
D:1:      sevenhm_arrival_forest_fort_large_2, layout_loops_corners,
          ebering_ecumenical_altar_sacrificial, nicolae_shop_unique_rings
D:2:      layout_rooms, serial_corexii_hall, corexii_hall_statues_x,
          corexii_hall_statues_deadend
D:3:      layout_basic, mainiacjoe_overflow_tiny_flanked, serial_shops, shop,
          minmay_distorted
D:4:      layout_basic, uniq_eustachio, uniq_crazy_yiuf_cottage

Skill      XL: |  1  2  3  4  5  6 |
---------------+-------------------+-----
Axes           | 3 4 5 |  5.0
Fighting       | 4 5 |  5.3
Armour         | 4 |  4.8
Shields        | 4 |  4.8

Action                   |  1- 3 |  4- 6 || total
-------------------------+-------+-------++-------
Melee: War axe           |   130 |   101 ||   231
Armor: Scale mail        |    36 |       ||    36
       Chain mail        |    24 |    32 ||    56
Dodge: Dodged            |    53 |    44 ||    97
Block: Buckler           |    22 |    21 ||    43

Table legend: (Time is in decaauts)
 A = Elapsed time spent in this place.
 B = Non-inter-level travel time spent in this place.
 C = Inter-level travel time spent in this place.
 D = Time resting spent in this place.
 E = Time spent auto-exploring this place.
 F = Levels seen in this place.
 G = Mean time per level.
                   A        B        C        D        E       F      G
               +--------+--------+--------+--------+--------+-----+--------+
         Total |   3956 |   3794 |    162 |      3 |   3203 |   4 |  989.0 |
       Dungeon |   3956 |   3794 |    162 |      3 |   3203 |   4 |  989.0 |
               +--------+--------+--------+--------+--------+-----+--------+

Top non-repeatable levels by time:
     D:3: 1481 daAuts
     D:1: 1308 daAuts
     D:2: 843 daAuts
     D:4: 323 daAuts
